[Event "Indian Blitz Championship 2023"]
[Site "Nashik"]
[Date "2024.03.07"]
[Round "10.10"]
[White "Srihari L R"]
[Black "Krishnan, Ritvik"]
[Result "1-0"]
[ECO "D38"]
[WhiteElo "2490"]
[BlackElo "2277"]
[Annotator "TA"]
[PlyCount "109"]
[EventDate "2024.03.07"]
[EventType "blitz"]
[EventCountry "IND"]
[SourceTitle "playchess.com"]
[Source "ChessBase"]
[SourceQuality "1"]
[TimeControl "180+2"]

1. d4 Nf6 2. c4 e6 3. Nf3 d5 4. Nc3 Bb4 5. Qa4+ Nc6 6. e3 O-O 7. Bd2 Re8 8. Rd1 Bf8 9. a3 Bd7 {[%emt 0:00:08][%cal Oc6d4] Threatens to win with ...Nxd4! White has an edge.} 10. Qc2 Ne7 11. Ne5 Ng6 12. Be2 dxc4 13. Nxg6 hxg6 14. Bxc4 c5 15. dxc5 Bxc5 16. O-O (16. Ne4 $5 Be7 17. Nxf6+ Bxf6 18. Bc3 $15) 16... Rc8 17. Qb3 Qb6 18. Qxb6 Bxb6 19. Be2 Bc6 20. Rc1 a6 21. Rfd1 Red8 22. Kf1 Rd7 23. Be1 Rdc7 24. Bf3 Bxf3 25. gxf3 Ba7 26. Rd3 Kf8 27. Rcd1 Ke8 28. Ke2 Bc5 29. f4 b5 30. Na2 Bb6 31. Rc3 (31. Kf3 {keeps more tension.} Rc2 32. Rd6 Rd8 33. Nb4) 31... Rxc3 32. Bxc3 Ke7 33. Nb4 a5 34. Nd3 Ne4 35. Rc1 {[%emt 0:00:05][%cal Oc3b4] Bb4+! would now be deadly.} (35. Bxg7 Rc2+ 36. Kf3 Nd2+ 37. Kg4 f6 $15) 35... Nxc3+ 36. bxc3 $11 {[%emt 0:00:02][%mdl 4096] Endgame. KRB-KRN} Rc4 37. Rb1 Rxc3 38. Rxb5 Bd8 39. Rb7+ Ke8 40. a4 Rc4 (40... Rc2+ $11 41. Kd1 Ra2) 41. Ne5 (41. Rxf7 $5 Bf6 42. Ra7 Rxa4 43. Nc5 Ra2+ 44. Kf3 $16) 41... Rc7 42. Rb5 {[%emt 0:00:03] White is more active.} Rc2+ 43. Kf3 (43. Kd3 $1 $14 Rc1 44. Rb8) 43... Ra2 {[%emt 0:00:01] [#]} (43... Bc7 $11 {remains equal.}) 44. Rb7 ({White should play} 44. Rb8 $1 $16) 44... f6 {[%emt 0:00:01] [#]} (44... Rxa4 $14 45. Nxf7 (45. Rxf7 Bf6 $11) 45... Bf6) 45. Nxg6 (45. Nc6 $1 $18) 45... Rxa4 $14 46. Rxg7 {[%emt 0:00:01] aiming for h4.} Ra1 $1 47. h4 {[%emt 0:00:01][%cal Bh2h4,Bh4h5,Bh5h6,Bh6h7][%mdl 32] Hoping for h5.} a4 48. h5 a3 49. Ra7 a2 50. Kg2 Bb6 51. Ra6 Bc5 $2 (51... Kf7 $14) 52. h6 {[%emt 0:00:01] White mates.} (52. Rxe6+ Kf7 53. Ra6 Kg7 $11) 52... Bf8 53. Nxf8 ({Not} 53. Rxe6+ Kf7 54. h7 Rg1+ 55. Kxg1 a1=Q+ 56. Kh2 Qf1 $11) 53... Kxf8 54. Ra8+ (54. Rxe6 Rg1+ 55. Kxg1 a1=Q+ (55... a1=B 56. Ra6 Kg8 57. Rxa1 Kh7 58. Kh2 Kxh6 59. Rg1 f5 60. Kh3) 56. Kh2 Kf7 $19) 54... Kf7 55. h7 {[%emt 0:00:00] Weighted Error Value: White=0.13 (very precise) /Black=0.24 (precise) .  Loses game:     	---       	Black=1      Mistake:       	White=3     	Black=3      Inaccurate:     	White=4     	Black=4      OK:         	White=12    	Black=13     Best:        	White=2     	Black=4      Strong:       	---       	Black=1} 1-0

[Event "Indian Blitz Championship 2023"]
[Site "Nashik"]
[Date "2024.03.07"]
[Round "11.1"]
[White "Mitrabha, Guha"]
[Black "Ghosh, Diptayan"]
[Result "0-1"]
[ECO "B10"]
[WhiteElo "2526"]
[BlackElo "2559"]
[Annotator "TA"]
[PlyCount "82"]
[EventDate "2024.03.07"]
[EventType "blitz"]
[EventCountry "IND"]
[SourceTitle "playchess.com"]
[Source "ChessBase"]
[SourceQuality "1"]
[TimeControl "180+2"]

1. Nf3 d5 2. g3 Nd7 3. Bg2 e5 4. d3 Ngf6 5. O-O Bd6 6. Nbd2 O-O 7. e4 c6 8. c3 a5 9. a4 Re8 10. Qc2 {[%emt 0:00:01] Black is slightly better.} b6 11. Rd1 Ba6 12. Nf1 Qc7 13. Nh4 Rad8 14. Ne3 dxe4 15. dxe4 Bc5 16. h3 Nf8 17. Nef5 (17. Rxd8 $1 $11 Rxd8 18. Bf1 Bxf1 19. Kxf1) 17... Ne6 (17... Rxd1+ $5 18. Qxd1 Ne6 $15) 18. Be3 (18. Rxd8 $15 Rxd8 19. Bf1 Bxf1 20. Kxf1) 18... Bxe3 (18... g6 {looks sharper.} 19. Nh6+ Kg7 20. Bxc5 Nxc5 21. b4 Ne6) 19. Nxe3 Rxd1+ 20. Rxd1 Rd8 21. Rxd8+ Qxd8 22. Nf3 Qc7 23. Bf1 Bxf1 24. Kxf1 Nc5 25. Nd2 b5 26. axb5 cxb5 27. f3 g6 28. Nb3 {[%emt 0:00:10] [#]} (28. b4 $11 {keeps the balance.} Na6 29. bxa5) 28... Kg7 ({Better is} 28... Nxb3 $1 $17 29. Qxb3 Qd7) 29. Nxc5 $11 Qxc5 {[%emt 0:00:01][%mdl 4096] Endgame. KQN-KQN} 30. Qd3 a4 31. g4 b4 32. cxb4 Qxb4 33. Nc4 Nd7 34. Ke2 $2 (34. Qd5 $11) 34... Nb6 $19 35. Nxb6 {[%emt 0:00:05] [#] Nc4 would now be deadly.} Qxb2+ ({Not} 35... Qxb6 36. Qc3 $15) 36. Kf1 $2 (36. Qd2 Qxb6 37. Qc3) 36... Qxb6 {[%emt 0:00:01] KQ-KQ} 37. Qd5 Qb1+ 38. Kg2 Qb2+ {[%emt 0:00:00] Black mates.} 39. Kg3 Qd4 40. Qc6 Qg1+ 41. Kh4 Qf2+ {[%emt 0:00:02] Weighted Error Value: White=0.90/Black=0.34.  Loses game:     	White=1     	---        Mistake:       	White=4     	Black=1      Inaccurate:     	White=5     	Black=6      OK:         	White=8     	Black=9      Best:        	---       	Black=2} 0-1

[Event "Indian Blitz Championship 2023"]
[Site "Nashik"]
[Date "2024.03.07"]
[Round "11.2"]
[White "Raja Rithvik R"]
[Black "Ravi, Teja S."]
[Result "1/2-1/2"]
[ECO "D13"]
[WhiteElo "2532"]
[BlackElo "2437"]
[Annotator "TA"]
[PlyCount "166"]
[EventDate "2024.03.07"]
[EventType "blitz"]
[EventCountry "IND"]
[SourceTitle "playchess.com"]
[Source "ChessBase"]
[SourceQuality "1"]
[TimeControl "180+2"]

1. d4 d5 2. c4 c6 3. cxd5 cxd5 4. Nc3 Nf6 5. Nf3 Nc6 6. Bf4 a6 7. Rc1 e6 8. e3 Bd6 9. Bxd6 Qxd6 10. Bd3 O-O 11. O-O Bd7 12. Na4 Nb4 13. Bb1 Bb5 {[%emt 0:00:24] White has an edge.} 14. Re1 Rfc8 {[%emt 0:00:05] aiming for ...Rxc1.} 15. Nc3 {[%emt 0:00:01] And now a3 would win.} Be8 16. a3 Nc6 17. b4 a5 18. b5 Nb8 (18... Ne7 $11 {keeps the balance.} 19. Qb3 g6) 19. Qb3 (19. Nxd5 Rxc1 20. Nxf6+ gxf6) (19. Ne4 $16 Qd8 20. Nxf6+ gxf6 21. Rxc8 Qxc8 22. Qd3) 19... Nbd7 $11 20. Na4 Nb6 21. Nc5 Rc7 22. Ne5 Nfd7 23. Qc2 (23. Nexd7 $5 Bxd7 24. e4 $14) 23... g6 {[%emt 0:00:07] [#]} 24. Ne4 $1 Rxc2 (24... dxe4 25. Qxc7 Qd5 26. Nxd7 Nxd7 27. a4 $18) 25. Nxd6 Rxc1 (25... Rb2 $1 $11) 26. Rxc1 $16 Nxe5 27. dxe5 Nc4 28. a4 (28. Nxc4 $16 dxc4 29. a4) 28... Nxe5 29. Nxb7 Nc4 {[%emt 0:00:01] Repels Nd6} 30. Ba2 Rb8 ({Black should play} 30... Nb6 $1 $14) 31. Bxc4 Rxb7 {[%emt 0:00:01][%mdl 4096] Endgame. KRB-KRB} 32. Bb3 (32. Bd3 $142 {Black must now prevent Rc8.} Bd7 33. e4) 32... Bd7 {[%emt 0:00:02] Dodges Rc8+} 33. f4 Kf8 34. Kf2 Ke7 35. g4 h6 36. h4 f6 37. g5 hxg5 38. hxg5 fxg5 39. fxg5 Rb8 (39... Kd6 $142) 40. Rc7 (40. Rh1 $142 $1) 40... Ra8 41. Bc2 Kd6 42. Rb7 Rc8 (42... Rh8 $1 $14 43. Ke1 (43. Bxg6 Rf8+ 44. Ke1 Rg8 $16) 43... Rh3) 43. Bxg6 ({Better is} 43. Rb6+ $16 Kc5 44. Rb7) 43... Rg8 44. Bd3 (44. Rb6+ Kc7 45. Bf7 Rxg5 46. Bxe6 Kxb6 $19) 44... Rxg5 45. Ra7 e5 46. Rxa5 {[%emt 0:00:03] White is more active.} e4 (46... d4 $16) 47. Be2 $18 Kc5 48. Ra7 Bg4 (48... Bh3 49. a5 Rg2+ 50. Ke1 d4) 49. Bxg4 Rxg4 {[%emt 0:00:00] KR-KR} 50. Rc7+ Kb4 51. b6 Rg8 52. Ra7 Rb8 53. a5 Kc3 54. b7 d4 {[%emt 0:00:02] [#]} 55. a6 $1 Kd2 56. Ra8 (56. exd4 $2 e3+ 57. Kg2 e2 $19) 56... dxe3+ 57. Kg2 e2 58. Rxb8 e1=Q {[%emt 0:00:01] [#] KQ-KR} 59. Rd8+ $2 (59. Rf8 $1 {mates} Ke3 60. b8=Q (60. b8=B $2 Qe2+ 61. Kg3 Qxa6 $17) 60... Qe2+ 61. Kg3 Qe1+ 62. Kh3 Qh1+ 63. Qh2 Qxh2+ 64. Kxh2) 59... Ke3 $11 {[%emt 0:00:02] ( -> ...Qe2+). The position is equal.} 60. b8=Q {[%emt 0:00:10] Chess con chili.} (60. b8=B Qf2+ 61. Kh3 Qf5+ 62. Kh2 Qh5+ 63. Kg2 Qg5+ 64. Bg3 Qxd8 65. Bf2+ Ke2 66. a7 Qg8+ 67. Bg3 e3 68. Kh3 Kf3 (68... Qe6+ 69. Kh4 Qe7+ 70. Kg4 Qxa7 71. Kg5 Qg7+ 72. Kf4 Qf6+ 73. Kg4 Qf3+ 74. Kg5 Qxg3+ 75. Kf6 Kd1 76. Ke7 e2 77. Kd7 e1=Q 78. Kc6 Qe6+ 79. Kc5 Qc3+ 80. Kb5 Qec6#) 69. a8=B+ Qxa8 70. Kh4 Qg8 71. Kh5 Kxg3 (71... Qxg3 {leads to mate.} 72. Kh6 e2 73. Kh5 e1=Q 74. Kh6 Qh1#) 72. Kh6 Kf4 73. Kh5 Qh7#) 60... Qf2+ 61. Kh3 Qf5+ 62. Kh4 Qf6+ 63. Kh5 Qf5+ $1 64. Kh6 Qf6+ $1 65. Kh5 Qf5+ $1 66. Kh4 Qf6+ 67. Kh3 Qf5+ $1 68. Kh2 Qf2+ 69. Kh3 Qf5+ 70. Kh4 Qf6+ 71. Kg4 Qg6+ 72. Kh3 Qf5+ 73. Kg2 Qf2+ 74. Kh3 Qf5+ 75. Kh4 Qf6+ 76. Kh5 Qf5+ $1 77. Kh6 {[%emt 0:00:01] Intending Qg3+ and mate.} Qf6+ $1 78. Kh7 {[%emt 0:00:01] White threatens Qg3+ and mate.} Qf7+ $1 79. Kh8 Qf6+ $1 80. Kg8 Qg6+ $1 81. Kf8 {[%emt 0:00:02] Qe5 would kill now.} Qf6+ 82. Ke8 {[%emt 0:00:01] White wants to mate with Qb3+.} Qe6+ $1 83. Kf8 {[%emt 0:00:01] Threatening mate with Qg3+.} Qf6+ {[%emt 0:00:01] Blacks defense is rewarded with a draw.   Weighted Error Value: White=0.26 (precise) /Black=0.32.  Mistake:       	White=5     	Black=7      Inaccurate:     	White=4     	Black=4      OK:         	White=17    	Black=17     Best:        	White=9     	Black=13     Strong:       	---       	Black=10} 1/2-1/2

[Event "Indian Blitz Championship 2023"]
[Site "Nashik"]
[Date "2024.03.07"]
[Round "11.3"]
[White "Wagh Suyog"]
[Black "Aronyak Ghosh"]
[Result "1/2-1/2"]
[ECO "A34"]
[WhiteElo "2250"]
[BlackElo "2517"]
[Annotator "RC"]
[PlyCount "91"]
[EventDate "2024.03.07"]
[EventType "blitz"]
[EventCountry "IND"]
[SourceTitle "playchess.com"]
[Source "ChessBase"]
[SourceQuality "1"]
[TimeControl "180+2"]

1. Nf3 Nf6 2. c4 c5 3. Nc3 e6 4. g3 Nc6 5. Bg2 Qb6 6. O-O Be7 7. e3 d5 8. Qe2 O-O 9. b3 Rd8 10. d3 Bd7 11. Rb1 Be8 12. Rd1 Qc7 13. Bb2 a6 14. cxd5 Nxd5 15. Nxd5 Rxd5 16. Rbc1 Qa5 17. Bc3 Qb5 18. Bf1 Rdd8 19. Qb2 f6 20. d4 Qb6 21. dxc5 Bxc5 22. Bg2 Rxd1+ 23. Rxd1 Rd8 24. Rxd8 Qxd8 25. Qd2 Qxd2 26. Nxd2 Kf8 27. Kf1 Ke7 28. Ke2 e5 29. Ne4 Bb6 30. Nd2 Bc7 31. h4 h5 32. Kd1 Bg6 33. Be4 Bxe4 34. Nxe4 Bd6 35. Kc2 Ke6 36. Nxd6 Kxd6 37. e4 Kc5 38. a3 b5 39. Kd3 b4 40. Bb2 a5 41. a4 Nd8 42. Bc1 Nb7 43. Be3+ Kc6 44. f3 Nc5+ 45. Bxc5 Kxc5 46. Ke3 1/2-1/2

[Event "Indian Blitz Championship 2023"]
[Site "Nashik"]
[Date "2024.03.07"]
[Round "11.4"]
[White "Vaz, Ethan"]
[Black "Srihari L R"]
[Result "1-0"]
[ECO "B22"]
[WhiteElo "2409"]
[BlackElo "2490"]
[Annotator "RC"]
[PlyCount "86"]
[EventDate "2024.03.07"]
[EventType "blitz"]
[EventCountry "IND"]
[SourceTitle "playchess.com"]
[Source "ChessBase"]
[SourceQuality "1"]
[TimeControl "180+2"]

1. e4 c5 2. c3 d5 3. exd5 Qxd5 4. d4 Nc6 5. Nf3 Bg4 6. dxc5 Qxd1+ 7. Kxd1 O-O-O+ 8. Nbd2 e5 9. b4 f6 10. h3 Be6 11. Kc2 Nge7 12. Bc4 Nd5 13. Kb2 Bf5 14. Nb3 Be4 15. Re1 Bg6 16. Bd2 Bf7 17. Rad1 Rd7 18. Bc1 Be7 19. Rd2 Rhd8 20. Red1 e4 21. Nfd4 Ne5 22. Bb5 Rc7 23. Re1 a6 24. Bf1 b6 25. Bxa6+ Kb8 26. c6 Nxc6 27. Rxe4 Ne5 28. f4 Nxc3 29. Re1 Na4+ 30. Ka1 Bxb4 31. fxe5 Bc3+ 32. Kb1 Bg6+ 33. Nc2 Bxd2 34. Bxd2 Rxc2 35. Ka1 Rdxd2 36. Nxd2 Rxd2 37. e6 Nc3 38. Bc4 Rd4 39. Bb3 Re4 40. Rc1 Nb5 41. Rc6 Kb7 42. Bd5 Re1+ 43. Rc1+ Ka6 1-0

[Event "Indian Blitz Championship 2023"]
[Site "Nashik"]
[Date "2024.03.07"]
[Round "11.5"]
[White "Laxman, R.R."]
[Black "Aradhya, Garg"]
[Result "0-1"]
[ECO "E04"]
[WhiteElo "2331"]
[BlackElo "2385"]
[Annotator "TA"]
[PlyCount "52"]
[EventDate "2024.03.07"]
[EventType "blitz"]
[EventCountry "IND"]
[SourceTitle "playchess.com"]
[Source "ChessBase"]
[SourceQuality "1"]
[TimeControl "180+2"]

1. d4 d5 2. Nf3 Nf6 3. c4 e6 4. g3 dxc4 5. Bg2 Nbd7 6. O-O c6 7. a4 {[%emt 0:00:06][%mdl 1024] White has compensation.} b6 8. Nc3 Ba6 9. e4 Be7 {[%emt 0:00:03] The position is equal.} 10. Qc2 O-O 11. Rd1 Rc8 12. Bf4 Bb4 13. h4 Qe7 14. Na2 Ba5 15. Nd2 Bxd2 16. Bxd2 ({White should play} 16. Qxd2 $11 e5 17. dxe5 Nxe5 18. Qe2) 16... c5 $15 17. d5 Ne5 18. Bc3 exd5 {[%emt 0:00:01] [#] Strongly threatening ...d4.} 19. exd5 Nd3 {[%emt 0:00:06] Dodges Re1} 20. b3 $2 {[%emt 0:00:13] This move loses the game for White.} (20. Nc1 $17) 20... cxb3 21. Qxb3 {[%emt 0:00:00] [#]} Ng4 $1 {[%emt 0:00:21] Excellent horsemanship.} 22. Rd2 (22. Be1 c4 23. Qc2) 22... Ndxf2 $19 {[%emt 0:00:22] Hoping for ...Qe3. Black is clearly winning.} 23. Rxf2 (23. Bxg7 $142 Kxg7 24. Qc3+ Kg8 25. Rxf2 Nxf2 26. Kxf2) 23... Qe3 $1 24. Qb2 Qxg3 (24... Qxf2+ 25. Qxf2 Nxf2 26. Kxf2 $11) 25. Be5 Nxe5 26. Nc3 Nd3 {[%emt 0:00:03] Weighted Error Value: White=0.83/Black=0.05 (flawless) .  Loses game:     	White=1     	---        Mistake:       	White=3     	---        Inaccurate:     	White=2     	Black=1      OK:         	White=4     	Black=6      Best:        	---       	Black=3      Strong:       	---       	Black=1} 0-1

[Event "Indian Blitz Championship 2023"]
[Site "Nashik"]
[Date "2024.03.07"]
[Round "11.6"]
[White "Hari Madhavan N B"]
[Black "Sharma, Dinesh K."]
[Result "1-0"]
[ECO "B51"]
[WhiteElo "2395"]
[BlackElo "2209"]
[Annotator "RC"]
[PlyCount "113"]
[EventDate "2024.03.07"]
[EventType "blitz"]
[EventCountry "IND"]
[SourceTitle "playchess.com"]
[Source "ChessBase"]
[SourceQuality "1"]
[TimeControl "180+2"]

1. e4 c5 2. Nf3 d6 3. Bb5+ Nd7 4. a4 Ngf6 5. Nc3 g6 6. O-O Bg7 7. Re1 O-O 8. d4 cxd4 9. Nxd4 a6 10. Bf1 e6 11. f3 Qc7 12. Be3 b6 13. Qd2 Bb7 14. Rad1 Rfd8 15. Bh6 Bh8 16. Bg5 Ne5 17. Qf4 Ned7 18. Qh4 Re8 19. Kh1 h5 20. Nb3 Nh7 21. Be7 Bf6 22. Bxf6 Ndxf6 23. Rd2 Kg7 24. Qg3 Rad8 25. Red1 e5 26. Qf2 Nf8 27. Be2 Ne6 28. Qf1 Nf4 29. Bxa6 Ba8 30. Bb5 Bc6 31. Qc4 Rc8 32. Bxc6 Qxc6 33. Qxc6 Rxc6 34. Rxd6 Rc4 35. Rxb6 h4 36. Nc1 h3 37. g3 Ne6 38. N1e2 Rec8 39. Rbd6 g5 40. Kg1 g4 41. fxg4 Nxg4 42. a5 Nf6 43. a6 Ra8 44. b3 Rb4 45. Nd5 Rxe4 46. Nxf6 Kxf6 47. Nc3 Rg4 48. Nd5+ Kg7 49. Ra1 Rd4 50. c4 Ng5 51. Kf1 Rd2 52. Ne3 Rb2 53. Nf5+ Kh7 54. Rh6+ Kg8 55. Ke1 Nf3+ 56. Kd1 Rc8 57. Rd6 1-0

[Event "Indian Blitz Championship 2023"]
[Site "Nashik"]
[Date "2024.03.07"]
[Round "11.7"]
[White "Sai Agni Jeevitesh, J."]
[Black "Srihari L R"]
[Result "1/2-1/2"]
[ECO "A80"]
[WhiteElo "2285"]
[BlackElo "2490"]
[Annotator "TA"]
[PlyCount "92"]
[EventDate "2024.03.07"]
[EventType "blitz"]
[EventCountry "IND"]
[SourceTitle "playchess.com"]
[Source "ChessBase"]
[SourceQuality "1"]
[TimeControl "180+2"]

1. d4 e6 2. Nf3 f5 3. Bf4 Nf6 4. e3 b6 5. Be2 Bb7 6. O-O Bd6 7. Bxd6 cxd6 8. c4 {[%emt 0:00:01][%cal Od4d5] White is slightly better.} O-O 9. Nc3 d5 10. Rc1 Qe7 11. cxd5 Nxd5 12. Nxd5 Bxd5 13. Bc4 Qd6 14. Bxd5 Qxd5 15. Qb3 Qxb3 16. axb3 Nc6 17. Ne5 Nxe5 18. dxe5 $11 {[%emt 0:00:01][%mdl 4096] Endgame. KRR-KRR} Rfc8 {[%emt 0:00:00] Prevents Rc7.} 19. b4 Kf8 20. f4 Ke7 21. Kf2 a5 22. b5 (22. bxa5 $11 bxa5 23. b3) 22... a4 23. Ke2 (23. Rc3 $17 {was necessary.}) 23... Rxc1 $1 $19 24. Rxc1 {[%emt 0:00:00] KR-KR} Ra5 25. Rc4 Rxb5 26. Rxa4 Rxb2+ 27. Kf3 h6 28. h4 h5 29. Ra8 b5 30. Rg8 {[%emt 0:00:06] [#]} Kf7 $2 (30... b4 $1 $19 {Strongly threatening ...b3.} 31. Rb8 b3) 31. Rd8 $1 $11 Rd2 32. Rb8 Rd5 33. Rb7 Ke8 {[%emt 0:00:04] Hoping for ...Kd8.} 34. Rb8+ Ke7 35. Rg8 (35. Ke2 $11 {remains equal.}) 35... Kf7 ({Black should try} 35... Rd1 $17 {White must now prevent ...Kf7.} 36. Ke2 Rh1 (36... Kf7 $2 37. Rxg7+ Kxg7 38. Kxd1 $18)) 36. Rb8 Kg6 37. Rb7 Kh6 38. Rb8 Kh7 39. Rb7 Kg6 40. Rb8 Kf7 41. Rb7 g6 42. Rb8 Rc5 43. Rb7 Ke7 (43... Ke8 $5 44. Rb8+ $8 Ke7 $11) 44. Rb8 Rd5 45. Rg8 {[%emt 0:00:03] [#]} (45. Ke2 $11) 45... b4 (45... Rd2 $1 $17 {Threatens to win with ...b4.} 46. Kg3 (46. Rg7+ $2 Kd8 $19) 46... b4) 46. Rb8 $1 Rc5 {[%emt 0:00:03] And White is the lucky defender.   Weighted Error Value: White=0.26 (precise) /Black=0.26 (precise) .  Missed win:     	---       	Black=1      Mistake:       	White=4     	Black=2      Inaccurate:     	White=4     	---        OK:         	White=17    	Black=13     Best:        	White=2     	Black=2      Strong:       	White=2     	Black=1} 1/2-1/2

[Event "Indian Blitz Championship 2023"]
[Site "Nashik"]
[Date "2024.03.07"]
[Round "11.8"]
[White "Vignesh B"]
[Black "Karthik Venkataraman"]
[Result "0-1"]
[ECO "C01"]
[WhiteElo "2209"]
[BlackElo "2609"]
[Annotator "TA"]
[PlyCount "49"]
[EventDate "2024.03.07"]
[EventType "blitz"]
[EventCountry "IND"]
[SourceTitle "playchess.com"]
[Source "ChessBase"]
[SourceQuality "1"]
[TimeControl "180+2"]

1. e4 e6 2. d4 d5 3. Bd3 c5 4. exd5 exd5 5. dxc5 Bxc5 6. Ne2 Nf6 7. O-O h6 {[%emt 0:00:06] Gegen Bg5 gerichtet.} 8. c3 Nc6 {[%emt 0:00:02] Die Stellung ist ausgeglichen.} 9. Nd2 O-O 10. Nb3 Bb6 11. Ng3 Ng4 {[%emt 0:00:19] ...Qh4 wäre nun fies.} 12. Bf5 Nge5 13. Bxc8 Rxc8 14. Bf4 Qf6 (14... Nc4 $15 {kam in Betracht.}) 15. Bxe5 $11 Qxe5 16. Qf3 Rfe8 17. Rad1 Rcd8 18. Nf5 Qf6 19. Nfd4 Qg6 (19... Nxd4 {vereinfacht} 20. Nxd4 Qxf3 21. gxf3 Bxd4 22. Rxd4 Re2) 20. Rfe1 (20. Qd3 {vereinfacht} Qxd3 21. Rxd3 Ne5 22. Rd2) 20... Ne5 21. Qe2 Kh7 {[%emt 0:00:00][%cal Oe5d3] Schwarz steht aktiver.} (21... Nd3 $5 22. Qxe8+ Rxe8 23. Rxe8+ Kh7 $11) 22. Qc2 $2 {[%emt 0:00:03][%mdl 8192] [#]} (22. Qd2 $15) 22... Qxc2 $2 ({Vorzuziehen ist} 22... Nf3+ $1 $19 23. Kf1 Nxh2+ (23... Nxe1 $2 24. Qxg6+ Kxg6 25. Rxe1 $19) (23... Rxe1+ $2 24. Rxe1 Nxe1 25. Qxg6+ fxg6 26. Kxe1 $19) 24. Kg1 Nf3+ 25. Kf1 Rxe1+ (25... Nxe1 $2 26. Qxg6+ Kxg6 27. Rxe1 $19) 26. Rxe1 Nxe1 27. Qxg6+ fxg6 (27... Kxg6 $2 28. Kxe1 a5 29. Ne2 $19) 28. Kxe1 Re8+ 29. Kf1 g5 (29... Bxd4 $2 30. Nxd4 g5 31. a3 $19)) 23. Nxc2 {[%emt 0:00:01] Ein dynamisches Springerpaar.} Nc4 24. Rxe8 Rxe8 25. Kf1 {[%emt 0:00:08] Lässt Re2 nicht zu.   Gewichteter Fehlerwert: Weiß=0.36/Schwarz=0.33.  Verlustzug:     	Weiß=1     	---        Gewinn verpasst:   	---       	Schwarz=1     Fehler:       	---       	Schwarz=1     Ungenau:       	Weiß=3     	Schwarz=2     OK:         	Weiß=3     	Schwarz=6     Bester:       	Weiß=1     	---} 0-1

[Event "Indian Blitz Championship 2023"]
[Site "Nashik"]
[Date "2024.03.07"]
[Round "11.9"]
[White "Garv Rai"]
[Black "Sengupta, Deep"]
[Result "0-1"]
[ECO "A40"]
[WhiteElo "2241"]
[BlackElo "2500"]
[Annotator "TA"]
[PlyCount "72"]
[EventDate "2024.03.07"]
[EventType "blitz"]
[EventCountry "IND"]
[SourceTitle "playchess.com"]
[Source "ChessBase"]
[SourceQuality "1"]
[TimeControl "180+2"]

1. d4 b6 2. Bf4 Bb7 3. e3 g6 4. Nf3 Bg7 5. h4 h6 6. Nc3 Nf6 {[%emt 0:00:02] Against e4} 7. Bd3 d6 8. e4 {[%emt 0:00:02] White has an edge.} Nbd7 9. Qd2 c5 10. d5 a6 11. a4 Ng4 12. Bg3 O-O 13. O-O (13. h5 $5) 13... Nge5 14. Nxe5 Nxe5 15. Be2 Bc8 16. f4 Ng4 17. Rae1 f5 18. Bxg4 fxg4 19. e5 Bf5 20. Nd1 Qd7 21. Ne3 Qxa4 22. b3 Qd4 23. Qxd4 (23. Qc1 $15) 23... cxd4 $17 24. Nxf5 Rxf5 25. Re4 Rc8 26. Rf2 dxe5 (26... Rc3 $19 27. Kh2 dxe5 28. fxe5 Rxf2 29. Bxf2 d3 (29... Rxc2 30. Bxd4 Rd2 31. Bxb6 $17) 30. cxd3 Rxd3 (30... Rxb3 31. d4 $11) 31. Bxb6 Rxd5 (31... Rxb3 32. Bc7 $17) 32. Rxg4 Bxe5+ (32... Rxe5 33. Rxg6 Re4 34. g3 $11) 33. g3 Kf7) 27. fxe5 $15 Rxf2 28. Bxf2 Rxc2 ({Better is} 28... h5) 29. Bxd4 $19 {[%emt 0:00:02][%mdl 4096] Endgame. KRB-KRB} (29. d6 $142 $1 exd6 30. exd6) 29... g3 {[%emt 0:00:02] [#] ( -> ...Rc1+)} (29... h5 $5) 30. Kf1 $1 Rd2 (30... Rc7 $11) 31. d6 ({White should play} 31. Ke1 $1 $16 Rc2 (31... Rxg2 $2 32. d6 $18) 32. Rg4) 31... exd6 $11 {[%emt 0:00:02] Hoping for ...Bxe5.} 32. e6 Rxd4 $19 33. Re3 Kf8 {[%emt 0:00:03] And now ...Be5 would win.} (33... Rxh4 34. e7 Rf4+ 35. Ke2 $16) 34. Rxg3 Rf4+ 35. Kg1 Bd4+ 36. Kh2 Rxh4+ {[%emt 0:00:03] Weighted Error Value: White=0.61/Black=0.35.  Loses game:     	White=1     	---        Mistake:       	White=3     	Black=3      Inaccurate:     	White=3     	Black=4      OK:         	White=6     	Black=6      Best:        	White=2     	Black=4      Strong:       	White=1     	---} 0-1